Match 31684803
Unlisted

Match 31684803
End
Royal Engineer Section
Construct Section Command Post
Dingo Light Scout Car
Infantry Section
Construct Field Infirmary
Infantry Section
Construct Platoon Command Post
6-pounder Anti-tank Gun Team
Infantry Training
Selects Heavy Armor Battlegroup
Selects Engineer Detachments
Infantry Section
Grenade Package
Vickers Machine Gun Team
Selects Crusader AA Medium Tank
Crusader AA Medium Tank
Construct Company Command Post
Unlock M3 Grant Medium Tanks
Vickers Machine Gun Team
M3 Grant Medium Tank
M3 Grant Medium Tank
Selects Churchill Black Prince Heavy Tank
Royal Engineer Section
Churchill Black Prince Heavy Tank
Selects Light Vehicle Withdraw and Refit
Selects Forward Repair Assembly
Nukepapa
Xaminichou
Anhangá
Eckes
0
0

Comments sign in to comment!

No comments posted yet!